Map: 2000 Atmospheres LE

Players

Nina - Winner!

  • Race: Protoss Protoss

Astrea

  • Race: Protoss Protoss

Event: DreamHack SC2 Masters 2021 Fall

VOD

Have the link to the VOD?

Description

Time

  • Played on: Aug. 13, 2021, 4:43 p.m.
  • Length: 11:33

All games in this series

Show
View Real Time Build Order
Export as new Build Order

Nina Protoss - Winner!

Build Orders:  

Get SALT Encoding   

  12  0:00  Probe  
  13  0:12  Probe  
  14  0:17  Pylon  
  14  0:24  Probe  
  15  0:36  Probe (Chrono Boost)  
  15  0:37  Gateway  
  16  0:47  Probe (Chrono Boost)  
  16  0:48  Assimilator  
  17  0:52  Probe (Chrono Boost)  
  18  0:57  Assimilator  
  18  1:03  Probe (Chrono Boost)  
  19  1:15  Probe (Chrono Boost)  
  20  1:19  Gateway  
  20  1:20  Probe (Chrono Boost)  
  21  1:26  Cybernetics Core  
  21  1:30  Probe  
  22  1:34  Pylon  
  22  1:42  Probe  
  23  1:54  Probe  
  24  2:03  Stalker  
  24  2:04  Warp Gate (Chrono Boost)  
  24  2:06  Stalker, Probe  
  29  2:16  Pylon  
  29  2:18  Probe  
  30  2:30  Probe  
  30  2:35  Stalker  
  30  2:36  Stalker  
  35  2:42  Pylon, Probe  
  36  2:54  Probe  
  36  2:55  Shield Battery  
  36  2:57  Shield Battery  
  37  3:06  Stalker  
  37  3:08  Stalker  
  41  3:13  Pylon  
  42  3:24  Shield Battery  
  41  3:36  Nexus  
  41  3:41  Probe  
  41  3:45  Stalker  
  41  3:47  Stalker  
  46  3:56  Gateway  
  46  4:00  Probe  
  47  4:09  Stalker  
  49  4:13  Stalker  
  51  4:19  Probe  
  46  4:31  Probe  
  46  4:36  Stalker x2  
  51  4:39  Pylon  
  51  4:44  Probe  
  52  4:52  Stalker  
  52  4:56  Probe  
  52  4:59  Stalker  
  57  5:00  Stalker  
  57  5:03  Probe  
  60  5:08  Probe  
  57  5:21  Stalker  
  57  5:23  Stalker x2  
  63  5:33  Probe  
  60  5:40  Robotics Facility  
  60  5:41  Probe  
  59  5:44  Stalker  
  59  5:45  Probe  
  59  5:46  Stalker  
  59  5:48  Stalker  
  66  5:53  Probe  
  63  6:05  Probe  
  63  6:07  Probe  
  63  6:08  Stalker  
  67  6:12  Assimilator  
  67  6:14  Assimilator  
  67  6:16  Stalker  
  67  6:17  Probe  
  64  6:28  Probe  
  64  6:30  Observer (Chrono Boost)  
  64  6:32  Forge  
  66  6:37  Probe  
  65  6:40  Zealot x3  
  65  6:46  Probe  
  68  6:49  Probe  
  68  6:51  Gateway  
  67  6:55  Twilight Council, Gateway  
  67  6:59  Gateway  
  67  7:01  Shield Battery  
  67  7:03  Stalker  
  67  7:04  Sentry  
  69  7:10  Immortal (Chrono Boost)  
  69  7:12  Shield Battery  
  69  7:14  Observer  
  73  7:18  Pylon x2  
  73  7:20  Pylon  
  73  7:26  Adept  
  73  7:27  Adept  
  77  7:32  Pylon  
  77  7:40  Blink (Chrono Boost)  
  77  7:43  Photon Cannon x2  
  77  7:47  Protoss Ground Weapons Level 1 (Chrono Boost)  
  77  7:52  Stalker x2  
  81  8:08  Nexus  
  81  8:12  Pylon  
  81  8:17  Observer (Chrono Boost)  
  81  8:19  Stalker  
  84  8:20  Stalker  
  84  8:26  Stalker  
  88  8:32  Photon Cannon  
  86  8:44  Stalker x3  
  92  8:50  Sentry  
  92  8:53  Gateway  
  94  8:59  Stalker  
  96  9:06  Warp Prism (Chrono Boost)  
  98  9:20  Stalker x2  
  99  9:25  Stalker  
  100  9:31  Stalker  
  100  9:35  Probe  
  100  9:37  Gateway  
  103  9:42  Stalker  
  103  9:43  Probe  
  103  9:44  Probe  
  107  9:50  Probe  
  108  9:58  Stalker x3  
  114  10:02  Stalker  
  114  10:06  Stalker  
  118  10:18  Stalker  
  113  10:28  Pylon  
  111  10:31  Pylon  
  107  10:43  Stalker  
  107  10:46  Stalker x5  
  107  10:49  Pylon, Probe  
  118  10:50  Pylon  
  114  11:00  Probe  
  114  11:01  Probe  
  114  11:05  Zealot  
  114  11:07  Stalker  
  114  11:10  Stalker x4  
  124  11:14  Stalker  
  124  11:17  Probe  
Show
View Real Time Build Order
Export as new Build Order

Astrea Protoss 

Build Orders: 1 Gate Expand 

Get SALT Encoding   

  12  0:00  Probe  
  13  0:12  Probe  
  14  0:17  Pylon  
  14  0:24  Probe (Chrono Boost)  
  15  0:35  Gateway  
  15  0:36  Probe (Chrono Boost)  
  16  0:43  Probe (Chrono Boost)  
  16  0:45  Assimilator  
  17  0:51  Probe  
  18  1:03  Probe  
  19  1:15  Probe  
  20  1:22  Nexus  
  20  1:31  Cybernetics Core  
  20  1:35  Probe  
  21  1:40  Assimilator  
  21  1:47  Probe  
  21  1:50  Pylon  
  22  1:59  Probe  
  23  2:06  Adept (Chrono Boost)  
  23  2:11  Probe  
  26  2:17  Stargate  
  26  2:23  Probe  
  26  2:25  Warp Gate  
  27  2:34  Stalker (Chrono Boost)  
  27  2:35  Probe  
  27  2:36  Probe  
  29  2:41  Shield Battery  
  31  2:47  Probe  
  31  2:48  Probe  
  33  2:57  Stalker  
  35  2:59  Probe  
  35  3:02  Void Ray (Chrono Boost)  
  37  3:05  Probe  
  41  3:14  Probe  
  41  3:17  Probe  
  43  3:21  Pylon  
  43  3:34  Gateway  
  43  3:35  Void Ray (Chrono Boost)  
  43  3:36  Probe  
  44  3:46  Probe  
  44  3:47  Gateway  
  49  3:55  Probe  
  49  3:58  Probe  
  51  4:06  Void Ray (Chrono Boost)  
  51  4:08  Probe  
  51  4:09  Shield Battery  
  50  4:15  Pylon  
  54  4:27  Probe  
  53  4:37  Zealot  
  53  4:38  Probe  
  56  4:39  Probe  
  56  4:43  Twilight Council  
  57  4:46  Gateway x2  
  57  4:48  Assimilator, Pylon  
  57  4:50  Probe  
  57  4:51  Probe  
  59  4:56  Pylon  
  59  4:57  Void Ray (Chrono Boost)  
  59  4:58  Pylon  
  59  4:59  Shield Battery  
  59  5:01  Zealot  
  65  5:08  Zealot  
  67  5:15  Probe  
  58  5:22  Zealot  
  58  5:27  Dark Shrine  
  56  5:31  Stalker  
  54  5:38  Void Ray (Chrono Boost)  
  54  5:42  Zealot x2  
  56  5:44  Shield Battery, Zealot  
  62  5:52  Gateway  
  62  5:53  Gateway  
  62  5:56  Pylon  
  62  5:58  Pylon  
  62  6:04  Stalker  
  60  6:05  Zealot  
  60  6:07  Stalker  
  61  6:11  Pylon  
  61  6:16  Pylon  
  53  6:28  Stalker x2  
  53  6:29  Probe x2  
  44  6:56  Dark Templar  
  44  6:58  Probe  
  47  7:06  Probe  
  48  7:11  Dark Templar  
  48  7:12  Pylon  
  48  7:14  Probe  
  51  7:19  Pylon, Probe  
  51  7:22  Blink (Chrono Boost)  
  52  7:26  Probe  
  53  7:31  Probe  
  53  7:34  Stalker  
  56  7:38  Probe  
  56  7:43  Probe  
  58  7:48  Shield Battery  
  58  7:53  Stalker x3  
  64  8:03  Stalker  
  66  8:18  Stalker  
  68  8:20  Robotics Facility  
  68  8:22  Nexus  
  68  8:26  Stalker  
  70  8:30  Pylon  
  70  8:32  Probe x2  
  70  8:44  Probe  
  70  8:45  Stalker x3  
  70  8:46  Probe  
  78  8:49  Shield Battery  
  78  8:56  Probe  
  78  8:58  Stalker x2, Probe  
  84  9:05  Charge (Chrono Boost)  
  84  9:08  Probe  
  85  9:10  Probe  
  85  9:11  Pylon  
  85  9:15  Forge  
  86  9:22  Probe  
  87  9:26  Probe  
  86  9:34  Probe  
  86  9:35  Observer  
  88  9:38  Probe  
  88  9:42  Probe  
  88  9:43  Stalker x4  
  98  9:48  Pylon  
  98  9:50  Zealot x2  
  98  9:51  Assimilator  
  102  9:57  Pylon  
  102  10:01  Shield Battery  
  102  10:02  Observer  
  102  10:06  Stalker x2  
  106  10:07  Zealot  
  106  10:08  Pylon  
  106  10:10  Stalker  
  94  10:24  Stalker x2  
  92  10:32  Zealot x3  
  92  10:35  Stalker  
  94  10:48  Zealot x2  
  92  10:50  Gateway x2  
  86  10:57  Zealot x3  
  86  11:00  Stalker  
  80  11:10  Dark Templar  
  62  11:12  Dark Templar  
  62  11:17  Zealot x2  
  62  11:18  Zealot  

Tags
 
Add a new tag
Caveats
  • Supply blocks, unpowered buildings, or Contaminate may cause inaccurate times.
  • Supply counts are checked every 10 seconds.